 Dungeon Crawl Stone Soup version 0.30-a0-738-g116ff8c4af (webtiles) character file.

Game seed: 6947598081029649010

2929 experimilk the Destroyer (level 9, 62/62 HPs)
             Began as a Yellow Draconian Conjurer on Feb 2, 2023.
             Was a Follower of Vehumet.
             Quit the game on level 6 of the Dungeon on Feb 3, 2023.
             The game lasted 00:19:33 (9074 turns).

experimilk the Destroyer (DrCj)                     Turns: 9074, Time: 00:19:34

Health: 62/62      AC:  7    Str: 12    XL:     9   Next: 50%
Magic:  33/33      EV: 12    Int: 21    God:    Vehumet [*.....]
Gold:   348        SH:  0    Dex:  9    Spells: 1/16 levels left

rFire   . . .      SeeInvis .    A - +0 battleaxe (spect)
rCold   . . .      Faith    .    (shield currently unavailable)
rNeg    . . .      Spirit   .    (body armour unavailable)
rPois   .          Reflect  .    (helmet restricted)
rElec   .          Harm     .    (no cloak)
rCorr   +          Rampage  .    (no gloves)
Will    .....                    (no boots)
Stlth   ++                       h - amulet of the acrobat
HPRegen 0.30/turn                b - ring of magical power
MPRegen 0.23/turn                x - ring of magical power

@: no status effects
A: spit acid, AC +7, unfitting armour, cold-blooded, acid resistance
a: Breathe Acid, Renounce Religion


You were on level 6 of the Dungeon.
You worshipped Vehumet.
Vehumet was aware of your devotion.
You visited 2 branches of the dungeon, and saw 8 of its levels.

You collected 348 gold pieces.

Inventory:

Hand Weapons
 c - a +0 sling
 g - a +1 short sword
 w - a +1 rapier of draining
 A - a +0 spectral battleaxe (weapon)
Jewellery
 b - a ring of magical power (left hand)
 h - an amulet of the acrobat (around neck)
 t - a ring of willpower
 u - a ring of flight
 x - a ring of magical power (right hand)
Scrolls
 a - a scroll of silence {unknown}
 e - a scroll of blinking
 i - 2 scrolls of vulnerability
 l - a scroll of fog {unknown}
 o - a scroll of poison {unknown}
 p - 2 scrolls of teleportation
 q - a scroll of enchant armour {unknown}
 r - a scroll of enchant weapon
 y - a scroll of amnesia {unknown}
Potions
 d - 3 potions of curing
 f - 2 potions of flight
 j - 2 potions of might
 k - a potion of mutation {unknown}
 m - a potion of invisibility {unknown}
 n - a potion of attraction {unknown}
 s - a potion of brilliance {unknown}
 v - a potion of heal wounds {unknown}


   Skills:
 - Level 1.7 Dodging
 - Level 1.7 Stealth
 + Level 4.2 Spellcasting
 - Level 11.0 Conjurations
 * Level 5.7 Summonings
 - Level 3.0 Translocations
 * Level 2.5 Air Magic


You had one spell level left.
You knew the following spells:

 Your Spells              Type           Power      Damage    Failure   Level
a - Call Canine Familiar  Summ           28%        N/A       3%          3
b - Magic Dart            Conj           100%       1d8       1%          1
p - Apportation           Tloc           34%        N/A       3%          1
s - Summon Lightning Spi  Summ/Air       21%        N/A       22%         4
x - Iskenderun's Mystic   Conj/Tloc      33%        2d8       7%          4
z - Searing Ray           Conj           100%       2d8       1%          2

Your spell library contained the following spells:

 Spells                   Type           Power      Damage    Failure   Level
 Freeze                   Ice            16%        1d4       12%         1
 Dazzling Flash           Conj/Hex       54%        N/A       3%          3
 Fulminant Prism          Conj/Hex       13%        3d9       12%         4
 Kindle Blastsparks       Fire/Tloc/Air  24%        2d12      17%         3
 Portal Projectile        Hex/Tloc       20%        N/A       19%         3
 Lightning Bolt           Conj/Air       16%        1d30      21%         5
 Ignite Poison            Fire/Tmut/Pois 4%         N/A       34%         3
 Airstrike                Air            7%         2d(2-18)  38%         4
 Freezing Cloud           Conj/Ice/Air   11%        6-21      45%         5
 Leda's Liquefaction      Hex/Erth       2%         N/A       75%         4
 Malign Gateway           Summ/Tloc      11%        N/A       100%        7
 Summon Horrible Things   Summ           14%        N/A       100%        8


Dungeon Overview and Level Annotations

Branches:
Dungeon (7/15)             Temple (1/1) D:4

Altars:
Ashenzari
Fedhas
Gozag
Hepliaklqana
Kikubaaqudgha
Makhleb
Nemelex Xobeh
Okawaru
Ru
Sif Muna
Uskayaw
Vehumet
Wu Jian
Xom
The Shining One

Shops:
D:2 *


Innate Abilities, Weirdness & Mutations

You can spit globs of acid.
Your golden yellow scales are hard. (AC +7)
You cannot fit into any form of body armour.
You are cold-blooded and may be slowed by cold attacks.
You are resistant to acid. (rCorr)


Message History

Casting: Magic Dart (safe; 1% risk of failure)
Confirm with . or Enter, or press ? or * to list all spells.
Aiming: Searing Ray (safe; 1% risk of failure)
Press: ? - help, Shift-Dir - straight line, f/p - bullfrog
Aim: a bullfrog (lightly wounded, 79% to hit)
The searing ray hits the bullfrog.
The bullfrog is moderately wounded. (Press . to maintain the ray.)
The searing ray hits the bullfrog!
The bullfrog is severely wounded.
The bullfrog closely misses you.
The searing ray hits the bullfrog!
You kill the bullfrog!
Vehumet accepts your kill.
You feel your power returning.
Search for what [? for help]? brand Magic restored.
Found a stone staircase leading down.
You see here a +0 flail.
You see here a +0 halberd.
There is a stone staircase leading up here.
Things that are here:
a +0 ring mail; a +0 mace You climb upwards.
There is a stone staircase leading down here.
There is an open door here.
You see here a +0 scale mail.
There is an open door here.
You see here a +0 spectral battleaxe.
A - a +0 spectral battleaxe You feel a bond with your +0 spectral battleaxe.
A - a +0 spectral battleaxe (weapon)
Done exploring.
Done exploring.
As you read the scroll of identify, it crumbles to dust.
p - 2 scrolls of teleportation You swing at nothing.
Okay, then.
Done exploring.
Are you sure you want to abandon this character and quit the game? (Confirm with "yes".)

#........###.#.########
####.###.# #.#.# # #.#
#.# #[#'## #
#.###.###....## #
####.####.......##
#..###..##.......## #
#[.###..#.........####
##.....##.........'...
#.._@.'..........####
##.....###.......## #
#..###..###.....## ###
#..# #..# #....## #..
############.#+## #..
#.##.....>.....#### #..
#.###########.....# #..
##.## #......._..# #..
##...#####.#.....8_.#
#<.


There were no monsters in sight!

Vanquished Creatures
  Pikel (D:5)
  An unseen horror (D:6)
  Eustachio (D:4)
  A steam dragon (D:7)
  2 water moccasins (D:5)
  Duvessa (D:4)
  An orc warrior (D:7)
  A black bear (D:6)
  A centaur (D:4)
  3 lemures (D:5)
  A kobold brigand (D:7)
  A bullfrog (D:7)
  A scorpion (D:5)
  Dowan (D:4)
  6 killer bees (D:7)
  4 howler monkeys
  2 hounds (D:4)
  A gnoll bouda (D:5)
  An orc priest (D:4)
  5 iguanas
  2 orc wizards
  Robin (D:4)
  6 gnolls
  12 adders
  A white imp (D:6)
  4 worms
  2 dart slugs
  16 orcs
  12 endoplasms
  5 giant cockroaches
  9 hobgoblins
  7 jackals
  12 kobolds
  7 quokkas
  14 ball pythons
  7 bats
  8 frilled lizards
  20 goblins
  8 rats
189 creatures vanquished.

Vanquished Creatures (collateral kills)
  A howler monkey (D:7)
  2 gnolls (D:7)
3 creatures vanquished.

Vanquished Creatures (others)
  2 fungi (D:3)
2 creatures vanquished.

Grand Total: 194 creatures vanquished

Notes
Turn   | Place    | Note
-------+----------+-------------------------------------------
     0 | D:1      | experimilk the Draconian Conjurer began the quest for the
                  | Orb.
     0 | D:1      | Reached XP level 1. HP: 14/14 MP: 3/3
   171 | D:1      | Reached XP level 2. HP: 17/20 MP: 0/5
   174 | D:1      | Learned a level 2 spell: Searing Ray
   519 | D:1      | Upgraded the game from 0.30-a0-737-gf23d94013f to
                  | 0.30-a0-738-g116ff8c4af
   521 | D:1      | Reached skill level 5 in Conjurations
   601 | D:1      | Reached XP level 3. HP: 26/26 MP: 6/6
  1130 | D:2      | Found a hide-covered altar of Uskayaw.
  1228 | D:2      | Found Kityunad's Assorted Antiques.
  1667 | D:2      | Reached XP level 4. HP: 33/33 MP: 7/7
  2406 | D:3      | Reached skill level 6 in Conjurations
  2984 | D:3      | Found a faded altar of an unknown god.
  3012 | D:3      | Got Plato's Omnibus of Wanderlust
  3205 | D:3      | Reached XP level 5. HP: 38/38 MP: 8/8
  3710 | D:4      | Reached skill level 7 in Conjurations
  3710 | D:4      | Noticed Robin
  3928 | D:4      | Noticed Duvessa
  3930 | D:4      | Reached XP level 6. HP: 45/45 MP: 3/9
  3930 | D:4      | Noticed Dowan
  4876 | D:4      | Reached skill level 8 in Conjurations
  4970 | D:4      | Noticed Eustachio
  4983 | D:4      | Killed Eustachio
  4984 | D:4      | Your scales start taking on a golden yellow colour.
  4984 | D:4      | Reached XP level 7. HP: 35/50 MP: 5/10
  4984 | D:4      | Gained mutation: You are resistant to acid. (rCorr) [Yellow
                  | Draconian growth]
  5131 | D:4      | Reached skill level 9 in Conjurations
  5189 | D:4      | Killed Duvessa
  5195 | D:4      | Killed Dowan
  5431 | D:4      | Killed Robin
  5529 | D:4      | Found a staircase to the Ecumenical Temple.
  5554 | Temple   | Entered the Ecumenical Temple
  5595 | Temple   | Became a worshipper of Vehumet
  5905 | D:5      | Entered Level 5 of the Dungeon
  5914 | D:5      | Reached skill level 10 in Conjurations
  5994 | D:5      | Reached XP level 8. HP: 57/57 MP: 11/11
  6265 | D:5      | Learned a level 4 spell: Iskenderun's Mystic Blast
  6269 | D:5      | Learned a level 3 spell: Call Canine Familiar
  6327 | D:5      | Noticed Pikel
  6356 | D:5      | Killed Pikel
  6357 | D:5      | Reached skill level 1 in Translocations
  6699 | D:5      | Learned a level 1 spell: Apportation
  6705 | D:5      | Reached skill level 11 in Conjurations
  7102 | D:6      | Found a broken altar of Ashenzari.
  7103 | D:6      | Found an opulent altar of Gozag.
  7103 | D:6      | Found a shimmering blue altar of Sif Muna.
  7400 | D:6      | Reached * piety under Vehumet
  7400 | D:6      | Offered knowledge of Freeze by Vehumet.
  8076 | D:6      | Found an iron altar of Okawaru.
  8173 | D:7      | Reached XP level 9. HP: 62/62 MP: 12/12
  8191 | D:7      | Reached skill level 5 in Summonings
  8378 | D:7      | Learned a level 4 spell: Summon Lightning Spire
  8422 | D:6      | Killed an unseen horror
  8423 | D:6      | Reached skill level 1 in Air Magic
  9074 | D:6      | Quit the game

Illustrated notes

Levels and vault maps discovered:
D:1:      shiori_arrival_elements, layout_rooms
D:2:      layout_basic, serial_shops, nicolae_shop_advertising_works
          [nicolae_subvault_shop_adworks], basic_altar, minmay_strange_pillars
D:3:      minmay_skewed_foursquare, layout_basic,
          shapermc_ecumenical_altar_rom_forum, st_stairs_6, minmay_pentangle
D:4:      minmay_clustersquares, layout_rooms, minmay_temple_entry_large_hall,
          uniq_duvessa, uniq_robin, uniq_eustachio
D:5:      layout_rooms, uniq_pikel
D:6:      layout_loops_corners, chequers_temple_overflow_statue_of_worship,
          hellmonk_okawaru_the_only_friend_you_need, kennysheep_diamond,
          minmay_unpleasant_kobolds
D:7:      layout_cave_pools, grunt_qazlal_clouds
Temple:   nicolae_temple_bog_church

Skill      XL: |  1  2  3  4  5  6  7  8  9 |
---------------+----------------------------+-----
Conjurations   | 5 6 7 8 10 11 | 11.0
Summonings     | 4 5 |  5.7
Translocations | 3 |  3.0
Spellcasting   | 4 |  4.2
Air Magic      | 2 |  2.5
Dodging        | |  1.7
Stealth        | |  1.7

Action                     |  1- 3 |  4- 6 |  7- 9 || total
---------------------------+-------+-------+-------++-------
  Melee: Unarmed           |     6 |       |       ||     6
         Tailslap          |     1 |       |       ||     1
         Rapier            |       |       |    29 ||    29
         Punch             |       |       |     1 ||     1
   Fire: Sling             |    25 |       |       ||    25
   Cast: Magic Dart        |    41 |    48 |    63 ||   152
         Searing Ray       |    20 |    48 |    48 ||   116
         Iskenderun's Myst |       |       |     4 ||     4
         Call Canine Famil |       |       |     4 ||     4
Ability: Breathe Acid      |       |       |     9 ||     9
    Use: Scroll            |       |     3 |     7 ||    10
         Potion            |       |       |     2 ||     2
 Armour: Skin              |     5 |    14 |    37 ||    56
  Dodge: Dodged            |    24 |    65 |    85 ||   174

Table legend: (Time is in decaauts)
 A = Elapsed time spent in this place.
 B = Non-inter-level travel time spent in this place.
 C = Inter-level travel time spent in this place.
 D = Time resting spent in this place.
 E = Time spent auto-exploring this place.
 F = Levels seen in this place.
 G = Mean time per level.
                   A        B        C        D        E       F      G
               +--------+--------+--------+--------+--------+-----+--------+
         Total |   9092 |   8459 |    633 |   1461 |   6031 |   8 | 1136.5 |
       Dungeon |   9034 |   8416 |    618 |   1461 |   6001 |   7 | 1290.6 |
        Temple |     57 |     42 |     15 |      0 |     30 |   1 |   57.0 |
               +--------+--------+--------+--------+--------+-----+--------+

Top non-repeatable levels by time:
     D:3: 2312 daAuts
     D:6: 1570 daAuts
     D:4: 1334 daAuts
     D:2: 1189 daAuts
     D:5: 1130 daAuts
     D:1: 1022 daAuts
     D:7: 474 daAuts
  Temple: 57 daAuts
